 Dungeon Crawl Stone Soup version 0.29.1-14-g9c671dbff4 (webtiles) character file.

Game seed: 17265650483973105319

4113 MajorAdolf the Tainter (level 10, 88/88 HPs)
             Began as a Naga Wanderer on Jan 29, 2023.
             Was a Follower of Dithmenos.
             Quit the game on level 8 of the Dungeon on Feb 12, 2023.
             The game lasted 00:26:17 (14742 turns).

MajorAdolf the Tainter (Naga Wanderer)             Turns: 14742, Time: 00:26:18

Health: 88/88      AC: 13    Str: 12    XL:     10   Next: 26%
Magic:  11/11      EV:  8    Int: 23    God:    Dithmenos [*.....]
Gold:   245        SH:  5    Dex:  9    Spells: 4/11 levels left

rFire   . . .      SeeInvis +   G - +0 hand axe (venom)
rCold   . . .      Faith    .   (no shield)
rNeg    . . .      Spirit   .   d - +0 robe
rPois   +          Reflect  +   l - +2 hat
rElec   .          Harm     .   H - +0 cloak
rCorr   +          Rampage  .   m - +0 pair of gloves
Will    ++...                   f - +0 barding of Defence {Will+}
Stlth   ++++......              h - amulet of reflection
HPRegen 0.24/turn               s - ring of resist corrosion
MPRegen 0.12/turn               (no ring)

@: wreathed by umbra, very slow
A: AC +3, large, see invisible, deformed body, poison resistance, slowness 2,
spit poison 2, naga tail 1, clever 1
a: Breathe Poison Gas, Renounce Religion


You were on level 8 of the Dungeon.
You worshipped Dithmenos.
Dithmenos was aware of your devotion.
You visited 2 branches of the dungeon, and saw 9 of its levels.
You also visited: Sewer and Bailey.

You collected 469 gold pieces.
You spent 224 gold pieces at shops.

Inventory:

Hand Weapons
 a - a +0 dagger
 w - a +2 vorpal hand axe
 G - a +0 hand axe of venom (weapon)
Missiles
 b - 8 boomerangs (quivered)
 C - 2 throwing nets
Armour
 d - a +0 robe (worn)
 f - the +0 barding of Defence (worn) {Will+}
   (You acquired it on level 6 of the Dungeon)

   Will:      It increases your willpower.
 l - a +2 hat (worn)
 m - a +0 pair of gloves (worn)
 H - a +0 cloak (worn)
 M - a +2 cloak of poison resistance
 N - a +0 crystal plate armour
 O - a scarf of shadows
Magical Staves
 D - a staff of conjuration
 K - a staff of fire
Jewellery
 h - an amulet of reflection (around neck)
 q - an amulet of regeneration
 s - a ring of resist corrosion (left hand)
 u - an amulet of magic regeneration
 E - an amulet of guardian spirit
 F - the ring of Himn {rN+ rCorr}
   (You took it off an orc on level 7 of the Dungeon)

   [ring of positive energy]

   rN:        It protects you from negative energy.
   rCorr:     It protects you from acid and corrosion.
Wands
 n - a wand of charming (12)
 y - a wand of quicksilver (1)
 z - a wand of iceblast (15)
 A - a wand of flame (33)
 J - a wand of digging (7)
Scrolls
 c - 4 scrolls of vulnerability
 e - 2 scrolls of teleportation
 g - a scroll of noise {unknown}
 i - 11 scrolls of identify
 j - 2 scrolls of amnesia
 t - a scroll of fear {unknown}
 Q - a scroll of summoning
Potions
 k - 6 potions of curing
 o - 3 potions of resistance {unknown}
 p - a potion of lignification {unknown}
 r - 3 potions of haste {unknown}
 v - 4 potions of cancellation {unknown}
 x - 2 potions of might {unknown}
 B - 3 potions of attraction {unknown}
 I - 2 potions of flight {unknown}
 L - 3 potions of brilliance {unknown}
 P - a potion of experience {unknown}


   Skills:
 + Level 5.4 Fighting
 - Level 2.6 Throwing
 - Level 4.3 Armour
 + Level 4.5 Dodging
 + Level 8.5 Stealth
 - Level 1.0 Spellcasting
 - Level 2.0 Summonings
 + Level 2.4 Air Magic
 + Level 12.1 Poison Magic
 - Level 1.0 Evocations


You had 4 spell levels left.
You knew the following spells:

 Your Spells              Type           Power      Damage    Failure   Level
a - Sting                 Tmut/Pois      100%       1d8       1%          1
b - Mephitic Cloud        Conj/Pois/Air  23%        N/A       6%          3
c - Ignite Poison         Fire/Tmut/Pois 19%        N/A       9%          3

Your spell library contained the following spells:

 Spells                   Type           Power      Damage    Failure   Level
 Summon Small Mammal      Summ           40%        N/A       6%          1
 Call Imp                 Summ           10%        N/A       10%         2
 Static Discharge         Conj/Air       6%         3-4/arc   13%         2
 Apportation              Tloc           2%         N/A       14%         1
 Magic Dart               Conj           4%         1d3       14%         1
 Call Canine Familiar     Summ           10%        N/A       19%         3
 Animate Dead             Necr           1%         N/A       80%         4
 Alistair's Intoxication  Tmut/Pois      19%        N/A       32%         5
 Lightning Bolt           Conj/Air       3%         1d14      94%         5
 Borgnjor's Vile Clutch   Necr/Erth      0%         N/A       98%         5
 Death Channel            Necr           0%         N/A       100%        6
 Maxwell's Capacitive Co  Air            6%         ∞         100%        8


Dungeon Overview and Level Annotations

Branches:
Dungeon (8/15)             Temple (1/1) D:7           Sewer (visited)
 Bailey (visited)
   Lair: D:8-11

Altars:
Ashenzari
Cheibriados
Dithmenos
Elyvilon
Fedhas
Gozag
Hepliaklqana
Kikubaaqudgha
Makhleb
Nemelex Xobeh
Okawaru
Qazlal
Ru
Sif Muna
Trog
Uskayaw
Vehumet
Wu Jian
Xom
Zin
The Shining One

Shops:
D:5 ?![   D:7 :   D:8 ?*

Annotations:
D:1 exclusion: endoplasm
D:7 1 runed translucent door


Innate Abilities, Weirdness & Mutations

Your serpentine skin is tough. (AC +3)
You have supernaturally acute eyesight. (SInv)
Armour fits poorly on your strangely shaped body.
Your system is resistant to poisons. (rPois)
You cover ground very slowly.
You can exhale a cloud of poison.
You have a snake-like lower body.
Your mind is acute. (Int +4, Str/Dex -1)


Message History

You have got your breath back.
FLACIDUS's ghost whispers, "It is all a dream - a grotesque and foolish dream."
FLACIDUS's ghost hits you. You block FLACIDUS's ghost's attack.
You hit FLACIDUS's ghost but do no damage.
FLACIDUS's ghost is severely damaged.
You block FLACIDUS's ghost's attack.
You hit FLACIDUS's ghost but do no damage.
FLACIDUS's ghost is severely damaged.
You block FLACIDUS's ghost's attack.
You hit FLACIDUS's ghost but do no damage.
FLACIDUS's ghost is severely damaged.
FLACIDUS's ghost gestures at you while chanting.
The stone arrow reflects off an invisible shield around you!
The stone arrow hits FLACIDUS's ghost!!
You destroy FLACIDUS's ghost!
Dithmenos accepts your kill.
Your Poison Magic skill increases to level 12!
There is a stone staircase leading down here.
You start resting.
You start resting.
Magic restored.
There is an open translucent gate here.
You start resting.
HP restored.
You start waiting.
Unknown command.
Done exploring.
Done exploring.
Done exploring.
Done exploring.
Done exploring.
Done exploring.
Unknown command.
Welcome back, MajorAdolf the Naga Wanderer.
Dithmenos says: Spread the eternal night.
Press ? for a list of commands and other information.
Done exploring.
Cast which spell? (? or * to list)
Okay, then.
Are you sure you want to abandon this character and quit the game? (Confirm with "yes".)

###### ##.## #.# ### ...# #.#
#.##### #.. ##.# #.# #.#...## #>#
##.## ##'# ##......## #.# ....#
##..#########........# #.#
.#..###...#.(..(#..........# ##.#
.#..##....#.(...#..........# #...
....#.....#...(.'.........####...
....'.....#(....@..>.............
[##.#.....#..(..'....###.#####...
....##....#(...8#........# #...
#######...#.....#...###### #.##
##..#########.# #.## ##'# #.#
#.## #.# #.# #... #########.# #.#
#### ........#.#### #.# #####


There were no monsters in sight!

Vanquished Creatures
  The ghost of FLACIDUS the Geomancer, a novice GrEE of Vehumet (D:8)
  A gargoyle (Bailey)
  A troll (D:7)
  A vampire (Bailey)
  A steam dragon (D:7)
  A water moccasin (D:6)
  Duvessa (D:7)
  Pargi (Sewer)
  A black bear (D:8)
  3 centaurs
  A phantom (D:5)
  A kobold brigand (D:7)
  2 bullfrogs (D:8)
  A gnoll sergeant (D:8)
  3 scorpions
  4 wights (D:6)
  Dowan (D:7)
  8 vampire bats (Bailey)
  3 wolf zombies (Bailey)
  5 hounds
  A jelly (D:6)
  A gnoll bouda (D:5)
  2 orc priests (D:6)
  Natasha (twice) (D:3)
  6 iguanas
  4 orc wizards
  15 gnolls
  7 adders
  2 white imps (D:8)
  2 ufetubi
  2 worms
  5 dart slugs
  12 orcs
  6 endoplasms
  4 giant cockroaches
  9 goblins
  4 hobgoblins
  11 jackals
  5 quokkas
  6 ball pythons
  5 bats
  4 frilled lizards
  15 kobolds
  18 orc zombies (Bailey)
  A rat (D:2)
  A spectral goblin (D:1)
191 creatures vanquished.

Vanquished Creatures (others)
  A shadow imp (D:7)
1 creature vanquished.

Grand Total: 192 creatures vanquished

Notes
Turn   | Place    | Note
-------+----------+-------------------------------------------
     0 | D:1      | MajorAdolf the Naga Wanderer began the quest for the Orb.
     0 | D:1      | MajorAdolf set off with the following items: a +0 dagger, 8
                  | boomerangs, a scroll of vulnerability, a +0 robe; and the
                  | following spells available to memorise: Summon Small
                  | Mammal, Sting, Call Imp, Call Canine Familiar, Ignite
                  | Poison.
     0 | D:1      | Reached XP level 1. HP: 15/15 MP: 2/2
    46 | D:1      | Reached skill level 3 in Poison Magic
   369 | D:1      | Learned a level 1 spell: Sting
   497 | D:1      | Reached XP level 2. HP: 16/22 MP: 3/3
   704 | D:1      | Reached skill level 4 in Poison Magic
  1040 | D:1      | Reached XP level 3. HP: 28/28 MP: 4/4
  1190 | D:1      | Found a faded altar of an unknown god.
  1511 | D:1      | Learned a level 3 spell: Mephitic Cloud
  1740 | D:2      | Reached skill level 5 in Poison Magic
  2710 | D:3      | Found a burning altar of Makhleb.
  2864 | D:3      | Reached XP level 4. HP: 31/36 MP: 5/5
  3754 | D:3      | Noticed Natasha
  3762 | D:3      | Killed Natasha
  3763 | D:3      | Reached skill level 6 in Poison Magic
  3950 | D:3      | Noticed Natasha
  4176 | D:3      | Reached XP level 5. HP: 42/42 MP: 6/6
  4197 | D:3      | Killed Natasha
  4198 | D:3      | Reached skill level 7 in Poison Magic
  4247 | D:3      | Found an ancient bone altar of Kikubaaqudgha.
  4811 | D:4      | Reached skill level 8 in Poison Magic
  4811 | D:4      | Reached XP level 6. HP: 28/49 MP: 7/7
  5138 | D:4      | Reached skill level 9 in Poison Magic
  6010 | D:4      | Reached XP level 7. HP: 48/55 MP: 3/8
  6120 | D:4      | Found an iron altar of Okawaru.
  6631 | D:4      | Learned a level 3 spell: Ignite Poison
  6655 | D:5      | Entered Level 5 of the Dungeon
  6770 | D:5      | Found Ezxunk's Antique Armour Boutique.
  6986 | D:5      | Reached skill level 1 in Stealth
  7097 | D:5      | Found Musi's Distillery.
  7128 | D:5      | Bought a potion of mutation for 112 gold pieces
  7128 | D:5      | Bought a potion of mutation for 112 gold pieces
  7128 | D:5      | Gained mutation: Your spells are a little easier to cast,
                  | but a little less powerful. [potion of mutation]
  7128 | D:5      | Gained mutation: You passively map a small area around you.
                  | [potion of mutation]
  7129 | D:5      | Lost mutation: Your spells are a little easier to cast, but
                  | a little less powerful. [potion of mutation]
  7129 | D:5      | Lost mutation: You passively map a small area around you.
                  | [potion of mutation]
  7129 | D:5      | Gained mutation: You can exhale a cloud of poison. [potion
                  | of mutation]
  7129 | D:5      | Gained mutation: Your mind is acute. (Int +4, Str/Dex -1)
                  | [potion of mutation]
  7205 | D:5      | Reached skill level 1 in Fighting
  7240 | D:5      | Found Typlurch's Magic Scroll Shoppe.
  7244 | D:5      | Reached skill level 1 in Dodging
  7244 | D:5      | Reached skill level 10 in Poison Magic
  7397 | D:5      | Found an opulent altar of Gozag.
  7790 | D:6      | Identified a scroll of acquirement
  7790 | D:6      | Acquired the +0 barding of Defence {Will+}
  7840 | D:6      | Found a glowing drain.
  7857 | Sewer    | Entered a sewer
  7911 | Sewer    | Noticed Pargi
  7920 | Sewer    | Killed Pargi
  7921 | Sewer    | Reached XP level 8. HP: 66/67 MP: 5/9
  8946 | D:6      | Found a broken altar of Ashenzari.
  9385 | D:6      | Reached skill level 5 in Stealth
  9433 | D:6      | Found a shimmering altar of Xom.
  9782 | D:7      | Found Lonez's Book Shoppe.
  9825 | D:7      | Reached XP level 9. HP: 31/76 MP: 3/10
 10066 | D:7      | Identified the ring of Himn {rN+ rCorr}
 10076 | D:7      | Noticed a troll
 10079 | D:7      | Killed a troll
 10080 | D:7      | Reached skill level 11 in Poison Magic
 10185 | D:7      | Found a runed translucent door.
 10221 | D:7      | Noticed Duvessa
 10221 | D:7      | Noticed Dowan
 10224 | D:7      | Killed Duvessa
 10224 | D:7      | Killed Dowan
 10261 | D:7      | Found a staircase to the Ecumenical Temple.
 10407 | Temple   | Entered the Ecumenical Temple
 10637 | Temple   | Became a worshipper of Dithmenos the Shadowed
 10676 | D:7      | Found a hazy altar of Hepliaklqana.
 10811 | D:7      | Found a radiant altar of Vehumet.
 10880 | D:7      | Found a hide-covered altar of Uskayaw.
 11022 | D:8      | Found a stormy altar of Qazlal.
 11061 | D:8      | Found a runed translucent gate.
 11061 | D:8      | Found a runed translucent gate.
 11061 | D:8      | Found a runed translucent gate.
 11076 | D:8      | Found a blossoming altar of Fedhas.
 11254 | D:8      | Found a flagged portal.
 11274 | Bailey   | Entered a bailey
 11529 | Bailey   | Noticed a gargoyle
 11542 | Bailey   | Killed a gargoyle
 13003 | Bailey   | Reached skill level 1 in Air Magic
 13680 | D:8      | Found Sohesenk's Magic Scroll Shoppe.
 13686 | D:8      | Reached * piety under Dithmenos
 13687 | D:8      | Reached skill level 5 in Fighting
 13687 | D:8      | Reached XP level 10. HP: 88/88 MP: 7/11
 13900 | D:8      | Found Cesots's General Store.
 14258 | D:8      | Found a bloodstained altar of Trog.
 14514 | D:8      | Noticed FLACIDUS's ghost (novice GrEE)
 14540 | D:8      | Killed FLACIDUS's ghost
 14541 | D:8      | Reached skill level 12 in Poison Magic
 14742 | D:8      | Upgraded the game from 0.29.1-13-g9f3cf754e1 to
                  | 0.29.1-14-g9c671dbff4
 14742 | D:8      | Quit the game

Illustrated notes

Levels and vault maps discovered:
D:1:      zelgadis_glass_arrival_small, layout_basic,
          dreamdust_ecumenical_altar_drowned_temple, nicolae_eternal_life
D:2:      layout_loops_ring
D:3:      layout_loops_corners, mainiacjoe_overflow_alcove_4, bloody_makhleb,
          grunt_ministairs_9, guppyfry_early_lair_pool, uniq_natasha
D:4:      cheibrodos_helix_gallery, layout_basic, kennysheep_mini_moat,
          chequers_serial_rivers_large_a
D:5:      layout_basic, mainiacjoe_overflow_paths, serial_shops, shop, shop,
          shop
D:6:      nicolae_BIG_FREAKIN_CUBE, layout_loops_corners,
          mainiacjoe_overflow_catwalk, cheibrodos_ashenzari_chains,
          portal_sewer_entry_d, hangedman_glass_teeth
D:7:      layout_loops_ring, lemuel_coloured_pillars_altar,
          nzn_hepliaklqana_mist_gate, vehumet_crystals, dk_yredelemnul_ordeal,
          minmay_temple_entry_gardened_gates, serial_shops,
          nicolae_shop_crystal, minivault_24, uniq_duvessa
D:8:      layout_loops_corners, mainiacjoe_overflow_brackets,
          overflow_temple_1_default, mainiacjoe_overflow_alcove_2,
          ebering_ghost_rock_garden, enter_bailey_5, serial_shops,
          kennysheep_little_box, nicolae_stop_n_shop_1, reono_crystal_passage
Temple:   grunt_temple_mini_profane

Skill      XL: |  1  2  3  4  5  6  7  8  9 10 |
---------------+-------------------------------+-----
Poison Magic   | 3 4 5 6 8 9 10 11 12 | 12.1
Stealth        | 3 5 7 8 |  8.5
Fighting       | 2 3 5 |  5.4
Dodging        | 1 3 4 |  4.5
Armour         | 2 3 4 |  4.3
Air Magic      | 1 2 |  2.4
Throwing       | |  2.6
Spellcasting   | |  1.0
Summonings     | |  2.0
Evocations     | |  1.0

Action                   |  1- 3 |  4- 6 |  7- 9 | 10-12 || total
-------------------------+-------+-------+-------+-------++-------
Melee: Dagger            |   116 |     2 |       |       ||   118
       Punch             |     3 |       |     3 |       ||     6
       Hand axe          |       |   120 |   266 |    41 ||   427
Throw: Boomerang         |       |     1 |     4 |       ||     5
 Cast: Sting             |       |    14 |     5 |       ||    19
       Mephitic Cloud    |       |     5 |     3 |     1 ||     9
       Ignite Poison     |       |       |    28 |     3 ||    31
 Abil: Spit Poison       |    40 |    25 |     3 |       ||    68
       Breathe Poison Ga |       |       |    39 |     2 ||    41
Evoke: Wand              |       |       |     3 |       ||     3
  Use: Scroll            |       |       |     9 |       ||     9
       Potion            |       |       |     3 |       ||     3
 Stab: Sleeping          |     1 |     1 |     3 |     1 ||     6
       Confused          |       |     1 |       |       ||     1
Armor: Robe              |    32 |    39 |   242 |    27 ||   340
Dodge: Dodged            |    68 |    54 |   157 |    22 ||   301
Block: Other             |    30 |    40 |   118 |    16 ||   204
       Reflection        |       |     1 |     2 |     3 ||     6
